 Dungeon Crawl Stone Soup version 0.31-a0-321-g19405a7a6a (webtiles) character file.

Game seed: 9823880676521479168

28 marky1606 the Covered (level 2, 0/20 HPs)
             Began as a Demonspawn Wanderer on July 17, 2023.
             Succumbed to a kobold's poison
             ... on level 1 of the Dungeon.
             The game lasted 00:01:18 (527 turns).

marky1606 the Covered (Demonspawn Wanderer)          Turns: 527, Time: 00:01:18

Health: 0/20       AC:  9    Str: 12    XL:     2   Next: 96%
Magic:  3/3        EV:  9    Int: 13    God:
Gold:   22         SH:  0    Dex: 12    Spells: 2/3 levels left

rFire   . . .        a - +0 club
rCold   . . .        (no shield)
rNeg    . . .        d - +2 scale mail
rPois   .            (helmet restricted)
rElec   .            (no cloak)
rCorr   .            (no gloves)
SInv    .            (no boots)
Will    .....        (no amulet) Stlth
                     (no ring)
HPRegen 0.23/turn    (no ring)
MPRegen 0.08/turn

%: no passive effects
@: lethally poisoned (0 -> -8)
A: antennae 1
a: no special abilities


You were on level 1 of the Dungeon.
You visited 1 branch of the dungeon, and saw 1 of its levels.

You collected 22 gold pieces.

Inventory:

Hand Weapons
 a - a +0 club (weapon)
Armour
 d - a +2 scale mail (worn)
Scrolls
 b - a scroll of vulnerability
 c - a scroll of silence
 e - a scroll of immolation {unknown}
Potions
 f - a potion of degeneration {unknown}


   Skills:
 * Level 0.8 Fighting
 * Level 1.0 Maces & Flails
 + Level 4.9 Armour
 * Level 0.6 Dodging
 - Level 1.0 Stealth
 - Level 1.0 Spellcasting
 - Level 2.0 Conjurations
 - Level 1.0 Evocations


You had 2 spell levels left.
You knew the following spells:

 Your Spells              Type           Power      Damage    Failure   Level
a - Magic Dart            Conj           20%        1d4       50%         1

Your spell library contained the following spells:

 Spells                   Type           Power      Damage    Failure   Level
 Dazzling Flash           Conj/Hex       6%         N/A       95%         3


Dungeon Overview and Level Annotations

Branches:
Dungeon (1/15)

Altars:


Innate Abilities, Weirdness & Mutations

You have a pair of small antennae on your head.


Message History

The slug dart hits you but does no damage.
You hit the dart slug.
The dart slug is almost dead.
You hit the dart slug but do no damage.
The dart slug is almost dead.
The dart slug bites you but does no damage.
You hit the dart slug but do no damage.
The dart slug is almost dead.
The dart slug misses you.
You hit the dart slug.
You kill the dart slug!
Your Maces & Flails skill increases to level 1!
You see here a +0 dagger.
A kobold comes into view. It is wielding a +1 dagger of venom.
The kobold shouts!
Found 27 gold pieces.
The kobold hits you but does no damage.
You are poisoned.
You barely miss the kobold.
You feel very sick.
A ball python comes into view.
The kobold hits you but does no damage.
You are more poisoned.
You hit the kobold.
The kobold is severely wounded.
You feel very sick. The kobold hits you but does no damage.
You are lethally poisoned!
You closely miss the kobold.
The kobold is severely wounded.
You feel very sick.
The kobold hits you with a +1 dagger of venom.
You barely miss the kobold.
The kobold is severely wounded.
* * * LOW HITPOINT WARNING * * *
You feel very sick. The kobold hits you but does no damage.
The kobold closely misses you. The kobold attacks as you move away!
The kobold closely misses you.
* * * LOW HITPOINT WARNING * * *
You feel sick.
You die...

#.#...# #.# #.#
##.#...#.## #.# #.#
.......... ...##.#
#.... ....P PP.##.#
#.#.# #.##P$ $P##.#
##...# #.##P$$$P##.#
#....###.##P$$$P##.#
#.......S##P..PP##.#
#...##.@.K...##....#
#...########.#####.#
#....### #.# #.#
#......# #.# #.#
#....#.#####.#####.#
#..##..))..........#
#............#######
#......#####.######
######.# #......##


You could see a ball python and a kobold.

Vanquished Creatures
  2 dart slugs (D:1)
  4 ball pythons (D:1)
  2 endoplasms (D:1)
  A giant cockroach (D:1)
  2 goblins (D:1)
  3 hobgoblins (D:1)
  A quokka (D:1)
  A bat (D:1)
  A frilled lizard (D:1)
  3 kobolds (D:1)
  A rat (D:1)
21 creatures vanquished.

Notes
Turn   | Place    | Note
-------+----------+-------------------------------------------
     0 | D:1      | marky1606 the Demonspawn Wanderer began the quest for the
                  | Orb.
     0 | D:1      | marky1606 set off with the following items: a +0 club, a
                  | scroll of vulnerability, a scroll of silence, a +2 scale
                  | mail; and the following spell memorised: Magic Dart; and
                  | the following spells available to memorise: Dazzling Flash.
     0 | D:1      | Reached XP level 1. HP: 13/13 MP: 2/2
   252 | D:1      | Gained mutation: You have a pair of small antennae on your
                  | head. [demonic ancestry]
   252 | D:1      | Reached XP level 2. HP: 19/19 MP: 3/3
   499 | D:1      | Reached skill level 1 in Maces & Flails
   527 | D:1      | Succumbed to a kobold's poison

Illustrated notes

Levels and vault maps discovered:
D:1:      wander_arrival_chamber, layout_loops_ring, minmay_gold_behind_fungi

Skill      XL: |  1  2 |
---------------+-------+-----
Maces & Flails | 1 |  1.0
Fighting       | |  0.8
Armour         | |  4.9
Dodging        | |  0.6
Stealth        | |  1.0
Spellcasting   | |  1.0
Conjurations   | |  2.0
Evocations     | |  1.0

Action                     || total
---------------------------++-------
  Melee: Club              ||    93
 Armour: Scale mail        ||    55
  Dodge: Dodged            ||    44

Table legend: (Time is in decaauts)
 A = Elapsed time spent in this place.
 B = Non-inter-level travel time spent in this place.
 C = Inter-level travel time spent in this place.
 D = Time resting spent in this place.
 E = Time spent auto-exploring this place.
 F = Levels seen in this place.
 G = Mean time per level.
                   A        B        C        D        E       F      G
               +--------+--------+--------+--------+--------+-----+--------+
         Total |    553 |    553 |      0 |      0 |    364 |   1 |  553.0 |
       Dungeon |    553 |    553 |      0 |      0 |    364 |   1 |  553.0 |
               +--------+--------+--------+--------+--------+-----+--------+

Top non-repeatable levels by time:
     D:1: 553 daAuts
